 Dungeon Crawl Stone Soup version 0.30-a0-476-g330ca2eb8e (webtiles) character file.

Game seed: 1471510221720804628

88 Sweetruy1997 the Chopper (level 4, -5/40 HPs)
             Began as a Hill Orc Monk on Dec 21, 2022.
             Killed from afar by Sigmund (8 damage)
             ... with a magic dart
             ... on level 3 of the Dungeon.
             The game lasted 00:04:54 (2179 turns).

Sweetruy1997 the Chopper (Hill Orc Monk)            Turns: 2179, Time: 00:04:55

Health: -5/40      AC:  4    Str: 13    XL:     4   Next: 53%
Magic:  4/4        EV: 10    Int: 10    God:
Gold:   81         SH:  8    Dex: 15    Spells: 3/3 levels left

rFire   . . .      SeeInvis .    a - +0 hand axe
rCold   . . .      Faith    .    g - +0 kite shield
rNeg    . . .      Spirit   .    k - +0 leather armour
rPois   .          Reflect  .    (no helmet)
rElec   .          Harm     .    (no cloak)
rCorr   .          Rampage  .    p - +0 pair of gloves
Will    .....                    (no boots)
Stlth   ++........               (no amulet)
HPRegen 0.26/turn                (no ring)
MPRegen 0.09/turn                (no ring)

@: mighty
A: no striking features
a: no special abilities


You were on level 3 of the Dungeon.
You visited 1 branch of the dungeon, and saw 3 of its levels.

You collected 81 gold pieces.

Inventory:

Hand Weapons
 a - a +0 hand axe (weapon)
Missiles
 l - 2 javelins (quivered)
Armour
 g - a +0 kite shield (worn)
 k - a +0 leather armour (worn)
 p - a +0 pair of gloves (worn)
Wands
 b - a wand of charming (11)
Scrolls
 h - 4 scrolls of identify {unknown}
 i - a scroll of blinking {unknown}
 j - a scroll of acquirement {unknown}
 n - a scroll of enchant weapon {unknown}
 o - a scroll of noise {unknown}
 q - a scroll of silence {unknown}
 t - a scroll of enchant armour {unknown}
Potions
 d - 2 potions of curing
 f - 3 potions of heal wounds
 r - a potion of haste {unknown}
 s - a potion of attraction {unknown}


   Skills:
 - Level 4.0 Fighting
 + Level 5.1 Axes
 + Level 0.5 Throwing
 + Level 1.2 Armour
 + Level 2.7 Dodging
 + Level 2.0 Stealth
 + Level 1.0 Shields


You had 3 spell levels left.
You didn't know any spells.
Your spell library contained the following spells:

 Spells                   Type           Power      Damage    Failure   Level
 Frozen Ramparts          Ice            0%         1d1       99%         3
 Ice Form                 Ice/Tmut       0%         N/A       100%        4
 Summon Ice Beast         Ice/Summ       0%         N/A       100%        4


Dungeon Overview and Level Annotations

Branches:
Dungeon (3/15)

Altars:
Zin

Annotations:
D:3 Sigmund


Message History

You hit something but do no damage.
You hear some strange, mumbled words.
A puff of flame appears from out of thin air!
The puff of flame hits you!
You bump into the rock wall.
You hear some strange, mumbled words.
A magic dart appears from out of thin air!
The magic dart hits you!
You bump into the rock wall.
You feel less invigorated.
You feel less confused. Something hits you.
You barely miss something. Something hits you but does no damage.
You barely miss something.
You hear some strange, mumbled words.
A magic dart appears from out of thin air!
The magic dart hits you.
* * * LOW HITPOINT WARNING * * *
It was a potion of curing.
You feel better. Something hits you.
It was a potion of heal wounds.
You feel much better.
It was a potion of might.
You feel very mighty all of a sudden.
You hear some strange, mumbled words.
You are confused.
You bump into the rock wall.
Something hits you.
You slash something! Something hits you.
You're too confused to move!
You hear some strange, mumbled words.
A puff of flame appears from out of thin air!
The puff of flame hits you.
You bump into the rock wall.
Something hits you!
You bump into the rock wall.
It was a potion of magic.
Magic courses through your body.
You feel less confused. Something hits you!
* * * LOW HITPOINT WARNING * * *
You miss something.
You hear some strange, mumbled words.
A magic dart appears from out of thin air!
The magic dart hits you!
You die...

##......#
#.......#
+.......#
#.......#
##......#
##.....#
##...##
##'## #@#
#{#


.Jg #...# ..... #...... ##....# ..#### You could see an endoplasm and a goblin.

Vanquished Creatures
  2 adders (D:2)
  3 worms (D:2)
  2 dart slugs (D:2)
  7 endoplasms
  2 giant cockroaches (D:1)
  5 goblins (D:2)
  2 hobgoblins (D:1)
  4 jackals (D:2)
  3 quokkas
  5 ball pythons
  4 bats
  4 frilled lizards (D:2)
  5 kobolds
  9 rats
57 creatures vanquished.

Notes
Turn   | Place    | Note
-------+----------+-------------------------------------------
     0 | D:1      | Sweetruy1997 the Hill Orc Monk began the quest for the Orb.
     0 | D:1      | Reached XP level 1. HP: 19/19 MP: 1/1
   273 | D:1      | Reached XP level 2. HP: 27/27 MP: 2/2
   737 | D:1      | Reached XP level 3. HP: 26/33 MP: 3/3
  1036 | D:2      | Found a faded altar of an unknown god.
  1195 | D:2      | Found a glowing silver altar of Zin.
  1569 | D:2      | Reached XP level 4. HP: 40/40 MP: 4/4
  1653 | D:2      | Reached skill level 1 in Armour
  1670 | D:2      | Reached skill level 5 in Axes
  2122 | D:3      | Reached skill level 1 in Shields
  2149 | D:3      | Noticed Sigmund
  2179 | D:3      | Killed from afar by Sigmund

Illustrated notes

Levels and vault maps discovered:
D:1:      beargit_arrival_greenhouse, layout_basic
D:2:      layout_basic, nicolae_ecumenical_oubliette, basic_altar,
          kennysheep_generic_room_7
D:3:      layout_loops_corners, slow_altar_2, uniq_ijyb, uniq_grinder,
          uniq_sigmund

Skill      XL: |  1  2  3  4 |
---------------+-------------+-----
Fighting       | 4 |  4.0
Stealth        | 2 |  2.0
Armour         | 1 |  1.2
Axes           | 5 |  5.1
Shields        | 1 |  1.0
Throwing       | |  0.5
Dodging        | |  2.7

Action                   |  1- 3 |  4- 6 || total
-------------------------+-------+-------++-------
Melee: Hand axe          |   119 |    40 ||   159
Throw: Javelin           |    14 |    19 ||    33
  Use: Potion            |       |     5 ||     5
 Stab: Sleeping          |     5 |     1 ||     6
Armor: Robe              |    10 |       ||    10
       Leather armour    |    11 |    15 ||    26
Dodge: Dodged            |    52 |    11 ||    63
Block: Kite shield       |    44 |    20 ||    64

Table legend: (Time is in decaauts)
 A = Elapsed time spent in this place.
 B = Non-inter-level travel time spent in this place.
 C = Inter-level travel time spent in this place.
 D = Time resting spent in this place.
 E = Time spent auto-exploring this place.
 F = Levels seen in this place.
 G = Mean time per level.
                   A        B        C        D        E       F      G
               +--------+--------+--------+--------+--------+-----+--------+
         Total |   2237 |   2180 |     57 |     65 |   1629 |   3 |  745.7 |
       Dungeon |   2237 |   2180 |     57 |     65 |   1629 |   3 |  745.7 |
               +--------+--------+--------+--------+--------+-----+--------+

Top non-repeatable levels by time:
     D:1: 1046 daAuts
     D:2: 988 daAuts
     D:3: 202 daAuts
